 Dungeon Crawl Stone Soup version 0.31-a0-1499-ge0622b2318 (webtiles) character file.

Game seed: 13854247398763364449

265 jlumianski the Ruffian (level 6, 0/45 (47) HPs)
             Began as a Gnoll Shapeshifter on Dec 30, 2023.
             Slain by a wight
             ... wielding a +4 battleaxe
              (9 damage)
             ... on level 3 of the Dungeon.
             The game lasted 00:09:48 (2323 turns).

jlumianski the Ruffian (Gnoll Shapeshifter)         Turns: 2323, Time: 00:09:49

HP:   0/45 (47)     AC:  4    Str: 15    XL:     6   Next: 20%
MP:   8/8           EV: 13    Int: 10    God:
Gold: 151           SH:  0    Dex: 11    Spells: 8/8 levels left

rFire   . .          .
                       - Unarmed
rCold   . . .        (no shield)
rNeg    . . .        m - +1 leather armour {rPois}
rPois   +            (helmet currently unavailable)
rElec   .            (cloak currently unavailable)
rCorr   .            (gloves currently unavailable)
SInv    .            (boots currently unavailable)
Will    .....        (no amulet)
Stlth   ++           (no ring)
HPRegen 0.27/turn    (no ring)
MPRegen 0.11/turn

%: no passive effects
@: beast-form, lightly drained
A: beast (slay +3), fangs 1, strong nose, distributed training
a: Begin Untransformation


You were on level 3 of the Dungeon.
You were a hulking beast.
You visited 1 branch of the dungeon, and saw 4 of its levels.

You collected 151 gold pieces.

Inventory:

Hand Weapons
 h - a +0 shortbow
Missiles
 u - 3 throwing nets
Armour
 a - a +0 animal skin
 m - a +1 leather armour of poison resistance (worn)
 w - a +0 chain mail
Talismans
 c - a beast talisman
 d - a flux talisman
Wands
 v - a wand of flame (29)
Scrolls
 e - a scroll of vulnerability {unknown}
 g - a scroll of teleportation {unknown}
 i - a scroll of identify {unknown}
 k - a scroll of enchant armour {unknown}
 n - a scroll of enchant weapon {unknown}
 o - a scroll of noise {unknown}
 q - a scroll of blinking {unknown}
 t - a scroll of revelation {unknown}
Potions
 b - a potion of lignification
 f - a potion of brilliance
 j - a potion of heal wounds
 l - a potion of enlightenment
 p - 2 potions of attraction
 r - a potion of curing {unknown}
 s - a potion of degeneration {unknown}


   Skills:
 + Level 3.2 Fighting
 + Level 1.9 Short Blades
 + Level 1.9 Long Blades
 + Level 1.9 Axes
 + Level 1.9 Maces & Flails
 + Level 1.9 Polearms
 + Level 1.9 Staves
 + Level 1.9 Ranged Weapons
 + Level 1.9 Throwing
 + Level 1.9 Armour
 + Level 5.0 Dodging
 + Level 1.9 Stealth
 + Level 1.9 Shields
 + Level 6.8 Unarmed Combat
 + Level 1.9 Spellcasting
 + Level 1.5 Conjurations
 + Level 1.5 Hexes
 + Level 1.5 Summonings
 + Level 1.5 Necromancy
 + Level 1.5 Translocations
 + Level 1.5 Fire Magic
 + Level 1.5 Ice Magic
 + Level 1.5 Air Magic
 + Level 1.5 Earth Magic
 + Level 1.5 Alchemy
 + Level 2.1 Invocations
 + Level 1.9 Evocations
 + Level 6.7 Shapeshifting


You had 8 spell levels left.
You didn't know any spells.
Your spell library contained the following spells:

 Spells                   Type           Power      Damage    Failure   Level
 Tukima's Dance           Hex            4%         N/A       52%         3
 Dimensional Bullseye     Hex/Tloc       2%         N/A       90%         4
 Iskenderun's Mystic Bla  Conj/Tloc      4%         2d3       90%         4


Dungeon Overview and Level Annotations

Branches:
Dungeon (4/15)
 Temple: D:4-7

Altars:
Kikubaaqudgha


Innate Abilities, Weirdness & Mutations

You are a hulking beast.
Your limbs bulge with bestial killing power. (Slay +3)
You have very sharp teeth.
Your uncanny sense of smell can sniff out nearby items.
Your experience applies equally to all skills.


Message History

You see here 3 stones.
You now have 151 gold pieces (gained 13).
Found a stone staircase leading up.
There is a stone staircase leading up here.
Found a stone staircase leading down.
There is a stone staircase leading down here.
You climb downwards.
Found a moonstone ring and 8 gold pieces.
Found a stone staircase leading down.
There is a stone staircase leading up here.
The wight barely misses you. The wight completely misses you.
You climb upwards.
There is a stone staircase leading down here.
You are now empty-handed.
You hit the wight.
The wight is lightly damaged.
The wight hits you with a +4 battleaxe!
You hit the wight.
The wight is moderately damaged.
The wight completely misses you.
You hit the wight but do no damage.
The wight is moderately damaged.
The wight hits you with a +4 battleaxe!!
You feel drained.
You hit the wight but do no damage. You bite the wight.
The wight is moderately damaged.
You hit the wight.
The wight is severely damaged.
The wight closely misses you.
You barely miss the wight. Your bite misses the wight.
The wight is severely damaged.
The wight hits you with a +4 battleaxe!
* * * LOW HITPOINT WARNING * * *
You closely miss the wight. You bite the wight.
The wight is almost destroyed.
The wight closely misses you.
You hit the wight.
The wight is almost destroyed.
The wight hits you with a +4 battleaxe!
You die...

.####.##........##...†....#.#
#
...........####.............#
# #####.##..##
#########...### ####.##..#
##...## #........# #.†...#
#.##.##.## #.....# #.##.##.#
#.....#
#.##.##.##############...##
#.##..........zh...# #.###
#.####..###.#.####.###.#####.
#.# #.## #.#........<.......
#.# #.# #.################.
#.# #.# #.# ##.# #.# #.# ...#
#.# #.# .### #.# #.# .# #.#
#.# ######


You could see a wight.

Vanquished Creatures
  A scorpion (D:3)
  Ijyb (D:2)
  2 adders
  8 gnolls
  A ribbon worm (D:2)
  7 dart slugs
  An orc (D:3)
  2 bats
  A bat zombie (D:3)
  8 endoplasms
  2 giant cockroaches
  4 hobgoblins
  6 jackals
  5 kobolds
  2 quokkas (D:2)
  5 ball pythons
  6 frilled lizards
  2 frilled lizard zombies (D:3)
  A goblin (D:3)
  5 rats
70 creatures vanquished.

Notes
Turn   | Place    | Note
-------+----------+-------------------------------------------
     0 | D:1      | jlumianski the Gnoll Shapeshifter began the quest for the
                  | Orb.
     0 | D:1      | Reached XP level 1. HP: 17/17 MP: 1/1
    86 | D:1      | Reached XP level 2. HP: 22/23 MP: 2/2
   234 | D:1      | Reached XP level 3. HP: 22/28 MP: 3/3
   456 | D:1      | Reached skill level 1 in Invocations
   832 | D:2      | Reached skill level 1 in Short Blades
   832 | D:2      | Reached skill level 1 in Long Blades
   832 | D:2      | Reached skill level 1 in Axes
   832 | D:2      | Reached skill level 1 in Maces & Flails
   832 | D:2      | Reached skill level 1 in Polearms
   832 | D:2      | Reached skill level 1 in Staves
   832 | D:2      | Reached skill level 1 in Ranged Weapons
   832 | D:2      | Reached skill level 1 in Throwing
   832 | D:2      | Reached skill level 1 in Armour
   832 | D:2      | Reached skill level 1 in Stealth
   832 | D:2      | Reached skill level 1 in Shields
   832 | D:2      | Reached skill level 1 in Spellcasting
   832 | D:2      | Reached skill level 1 in Evocations
   912 | D:3      | Found an ancient bone altar of Kikubaaqudgha.
  1080 | D:2      | Reached XP level 4. HP: 29/34 MP: 5/5
  1131 | D:2      | Reached skill level 1 in Conjurations
  1131 | D:2      | Reached skill level 1 in Hexes
  1131 | D:2      | Reached skill level 1 in Summonings
  1131 | D:2      | Reached skill level 1 in Necromancy
  1131 | D:2      | Reached skill level 1 in Translocations
  1131 | D:2      | Reached skill level 1 in Fire Magic
  1131 | D:2      | Reached skill level 1 in Ice Magic
  1131 | D:2      | Reached skill level 1 in Air Magic
  1131 | D:2      | Reached skill level 1 in Earth Magic
  1131 | D:2      | Reached skill level 1 in Alchemy
  1321 | D:2      | Found a faded altar of an unknown god.
  1445 | D:2      | Reached XP level 5. HP: 35/40 MP: 7/7
  1763 | D:3      | Noticed Ijyb
  1869 | D:2      | Killed Ijyb
  2139 | D:3      | Reached skill level 5 in Dodging
  2139 | D:3      | Reached XP level 6. HP: 45/47 MP: 8/8
  2323 | D:3      | Slain by a wight

Illustrated notes

Levels and vault maps discovered:
D:1:      dpeg_arrival_rhombi, layout_rooms, serial_curves, eino_curves_02,
          eino_curves_02, minmay_misc_feat_plants,
          hangedman_decor_clover_reticule
D:2:      layout_rooms, hellmonk_ecumenical_altar_inner_sanctum,
          nicolae_twisty_statue_hallways
D:3:      minmay_spotlight, layout_loops_ring, okawaru_altar_gauntlet_db,
          lemuel_zombie_altar_kikubaaqudgha, minivault_27, uniq_ijyb
D:4:      layout_loops_cross, chequers_temple_overflow_minitemple, serial_shops,
          nicolae_shop_hallway_plus, dilly_guarded_unrand_throatcut

Skill      XL: |  1  2  3  4  5 |
---------------+----------------+-----
Invocations    | 1 2 |  2.1
Short Blades   | 1 |  1.9
Long Blades    | 1 |  1.9
Axes           | 1 |  1.9
Maces & Flails | 1 |  1.9
Polearms       | 1 |  1.9
Staves         | 1 |  1.9
Ranged Weapons | 1 |  1.9
Throwing       | 1 |  1.9
Armour         | 1 |  1.9
Stealth        | 1 |  1.9
Shields        | 1 |  1.9
Spellcasting   | 1 |  1.9
Evocations     | 1 |  1.9
Conjurations   | 1 |  1.5
Hexes          | 1 |  1.5
Summonings     | 1 |  1.5
Necromancy     | 1 |  1.5
Translocations | 1 |  1.5
Fire Magic     | 1 |  1.5
Ice Magic      | 1 |  1.5
Air Magic      | 1 |  1.5
Earth Magic    | 1 |  1.5
Alchemy        | 1 |  1.5
Fighting       | 3 |  3.2
Dodging        | 5 |  5.0
Unarmed Combat | |  6.8
Shapeshifting  | |  6.7

Action                     |  1- 3 |  4- 6 || total
---------------------------+-------+-------++-------
  Melee: Unarmed           |    46 |    54 ||   100
         Bite              |     3 |     6 ||     9
         Punch             |     2 |       ||     2
   Fire: Shortbow          |    37 |    39 ||    76
    Use: Potion            |       |     4 ||     4
   Stab: Sleeping          |       |     1 ||     1
 Armour: Animal skin       |    24 |       ||    24
         Leather armour    |     9 |    46 ||    55
  Dodge: Dodged            |    41 |    54 ||    95

Table legend: (Time is in decaauts)
 A = Elapsed time spent in this place.
 B = Non-inter-level travel time spent in this place.
 C = Inter-level travel time spent in this place.
 D = Time resting spent in this place.
 E = Time spent auto-exploring this place.
 F = Levels seen in this place.
 G = Mean time per level.
                   A        B        C        D        E       F      G
               +--------+--------+--------+--------+--------+-----+--------+
         Total |   2338 |   2259 |     79 |    204 |   1248 |   4 |  584.5 |
       Dungeon |   2338 |   2259 |     79 |    204 |   1248 |   4 |  584.5 |
               +--------+--------+--------+--------+--------+-----+--------+

Top non-repeatable levels by time:
     D:2: 938 daAuts
     D:1: 714 daAuts
     D:3: 684 daAuts
     D:4: 1 daAuts
